 Dungeon Crawl Stone Soup version 0.22-a0-406-g9ff8d77 (webtiles) character file.

104 dstrtnsr the Covered (level 4, -6/42 HPs)
             Began as a Deep Dwarf Fighter on May 8, 2018.
             Succumbed to an orc wizard's poison
             ... on level 3 of the Dungeon.
             The game lasted 00:00:55 (557 turns).

dstrtnsr the Covered (Deep Dwarf Fighter)            Turns: 557, Time: 00:00:55

Health: -6/42      AC:  7    Str: 21    XL:     4   Next: 52%
Magic:  4/4        EV:  7    Int:  8    God:
Gold:   25         SH:  9    Dex: 12    Spells: 3/3 levels left

rFire    . . .     SeeInvis .   a - +0 war axe
rCold    . . .     Gourm    .   c - +0 shield
rNeg     + . .     Faith    .   b - +0 scale mail
rPois    .         Spirit   .   (no helmet)
rElec    .         Reflect  .   (no cloak)
rCorr    .         Harm     .   (no gloves)
MR       .....                  (no boots)
Stlth    ..........             (no amulet)
HPRegen  0.00/turn              j - ring of positive energy
MPRegen  0.09/turn              (no ring)

@: lethally poisoned (-6 -> -58), non-regenerating
A: damage resistance, heal wounds, sense surroundings 1, no regeneration
a: Heal Wounds


You were on level 3 of the Dungeon.
You were not hungry.

You visited 1 branch of the dungeon, and saw 3 of its levels.

You collected 25 gold pieces.

Inventory:

Hand Weapons
 a - a +0 war axe (weapon)
Armour
 b - a +0 scale mail (worn)
 c - a +0 shield (worn)
Jewellery
 j - a ring of positive energy (left hand)
Scrolls
 g - a scroll of noise {unknown}
 i - a scroll of identify {unknown}
 l - a scroll of teleportation {unknown}
 n - a scroll of magic mapping {unknown}
Potions
 d - a potion of might
 h - a potion of lignification {unknown}
 k - a potion of berserk rage {unknown}
 m - a potion of cancellation {unknown}
Comestibles
 e - 2 rations {!d}
 f - 6 chunks of flesh


   Skills:
 + Level 3.3 Fighting
 + Level 3.2 Axes
 + Level 4.1 Armour
 + Level 4.0 Shields


You had 3 spell levels left.
You didn't know any spells.

Dungeon Overview and Level Annotations

Branches:
Dungeon (3/15)

Altars:
Uskayaw
Yredelemnul


Innate Abilities, Weirdness & Mutations

You are resistant to damage.
You can heal yourself by infusing magical energy.
You passively map a small area around you.
You do not regenerate.


Message History

Unknown command.
Unknown command.
You are too confused!
Unknown command.
You are too confused!
Unknown command.
You are too confused!
Unknown command.
Unknown command.
You are too confused!
Unknown command.
You bump into the rock wall.
The orc wizard casts a spell.
The orc wizard flickers and vanishes!
Deactivating autopickup; reactivate with Ctrl-A.
You bump into the rock wall.
The orc closely misses you. Something hits you but does no damage.
You are poisoned.
You barely miss the orc.
The orc is almost dead.
You barely miss the orc. You closely miss something.
Something hits you but does no damage.
You are more poisoned.
The orc hits you but does no damage. x2
You hear some strange, mumbled words.
A magic dart appears from out of thin air!
The magic dart hits you! The orc hits you with a mace.
You miss the orc. You barely miss the orc. You miss something.
You barely miss the orc. The orc hits you but does no damage.
The orc hits you with a dagger. Something hits you.
You are more poisoned.
The orc hits you with a mace. The orc barely misses you.
The orc closely misses you.
You miss something. You slash the orc!
You kill the orc!
You feel less confused.
You slash the orc!
You kill the orc!
You hit the orc. The orc barely misses you.
Something hits you but does no damage.
You are more poisoned.
You miss something. You closely miss the orc.
You feel very sick. The orc hits you but does no damage. Something hits you.
You are more poisoned.
You barely miss something.
Your shield prevents you from hitting the orc.
You feel very sick. You block the orc's attack. Something hits you.
You are more poisoned.
Unknown command.
You barely miss the orc.
The orc is moderately wounded.
You closely miss something.
You feel very sick. You block the orc's attack.
Something hits you but does no damage.
You are lethally poisoned!
Something hits you. The orc hits you but does no damage.
Unknown command.
You feel much better.
You feel very sick. Something hits you but does no damage.
You are more poisoned.
Unknown command.
You feel much better.
You feel very sick. You block the orc's attack.
You hear some strange, mumbled words.
A magic dart appears from out of thin air!
The magic dart hits you!
You slash the orc!
You kill the orc!
You miss something.
You feel very sick. Something hits you.
You are lethally poisoned!
Unknown command.
You feel very sick. You block something's attack.
Things that are here:
a mace; an orc corpse Unknown command.
You miss something.
You feel very sick. Something hits you but does no damage.
You are more poisoned.
Something hits you.
You are more poisoned.
You miss something.
* * * LOW HITPOINT WARNING * * *
You feel extremely sick. Something hits you.
You are more poisoned.
You closely miss something.
* * * LOW HITPOINT WARNING * * *
You feel extremely sick. Something hits you but does no damage.
You are more poisoned.
You miss something.
You die...

##.#####...., , ,
......##8... , * #
......# ##_# _ .###
......### ##### ##....
........#####.###......
......................
* .....................
. ,
.................#[....
................@#..#
**
........#######{)...#
........# #..........#
........# #..........#
.......(# #..........#
....... #..........# ,
......., #...........#
....... #...........#
....... #......?..... *


There were no monsters in sight!

Vanquished Creatures
  Robin (D:2)
  4 adders
  A dart slug (D:1)
  A leopard gecko (D:2)
  4 orcs (D:3)
  A giant cockroach (D:2)
  9 goblins
  8 hobgoblins
  6 jackals
  A quokka (D:2)
  3 bats
  A frilled lizard (D:1)
  4 kobolds (D:3)
  3 rats
47 creatures vanquished.

Notes
Turn   | Place    | Note
-------+----------+-------------------------------------------
     0 | D:1      | dstrtnsr the Deep Dwarf Fighter began the quest for the Orb.
     0 | D:1      | Reached XP level 1. HP: 20/20 MP: 1/1
   104 | D:1      | Reached XP level 2. HP: 22/27 MP: 2/2
   215 | D:2      | Noticed Robin
   220 | D:2      | Reached XP level 3. HP: 27/34 MP: 3/3
   220 | D:2      | HP: 13/34 [hobgoblin/club[Robin] (9)]
   238 | D:2      | Killed Robin
   271 | D:3      | HP: 12/34 [kobold/whip (3)]
   294 | D:3      | Reached XP level 4. HP: 37/42 MP: 4/4
   467 | D:3      | Found a hide-covered altar of Uskayaw.
   467 | D:3      | Found a basalt altar of Yredelemnul.
   554 | D:3      | HP: 15/42 [poisoned by an orc wizard]
   556 | D:3      | HP: 1/42 [poisoned by an orc wizard]
   557 | D:3      | Succumbed to an orc wizard's poison

Vault maps used:
D:1:      sevenhm_arrival_forest_fort_large_2
D:2:      first_ration, minmay_snake_closets, uniq_robin
D:3:      nicolae_overflow_hidden_temple, minmay_misc_feat_roman,
          kennysheep_generic_room_9

Skill      XL: |  1  2  3  4 |
---------------+-------------+-----
Fighting       | 3 |  3.3
Axes           | 3 |  3.2
Armour         | 4 |  4.1
Shields        | 4 |  4.0

Action                   |  1- 3 |  4- 6 || total
-------------------------+-------+-------++-------
Melee: War axe           |    77 |    47 ||   124
 Abil: Heal Wounds       |     2 |     2 ||     4
Armor: Scale mail        |    50 |    32 ||    82
Dodge: Dodged            |    42 |    24 ||    66
Block: Shield            |    56 |    24 ||    80

Table legend:
 A = Spawn XP
 B = Non-spawn XP
 C = Spawn XP percentage of total XP
 D = Spawn monster count
 E = Non-spawn monster count
 F = Spawn count percentage of total count
 G = Total turns spent on level
                    A         B        C        D         E        F      G
               +---------+---------+-------+---------+---------+-------+---------
         Total |       0 |     149 |   0.0 |       0 |      47 |   0.0 |   557
               +---------+---------+-------+---------+---------+-------+---------
           D:1 |       0 |      18 |   0.0 |       0 |       9 |   0.0 |   132
           D:2 |       0 |      60 |   0.0 |       0 |      19 |   0.0 |   125
           D:3 |       0 |      71 |   0.0 |       0 |      19 |   0.0 |   300
               +---------+---------+-------+---------+---------+-------+---------
